 Dungeon Crawl Stone Soup version 0.25.1-2-g60ff931df9 (webtiles) character file.

Game seed: 2065153310506355924

43 DogServant the Vexing (level 3, 0/31 HPs)
             Began as a Kobold Arcane Marksman on Oct 16, 2020.
             Slain by a jackal (2 damage)
             ... on level 2 of the Dungeon.
             The game lasted 00:03:33 (1388 turns).

DogServant the Vexing (Kobold Arcane Marksman)      Turns: 1388, Time: 00:03:33

Health: 0/31       AC: 21    Str: 13    XL:     3   Next: 82%
Magic:  4/4        EV:  3    Int: 14    God:
Gold:   68         SH:  0    Dex: 16    Spells: 1/4 levels left

rFire    . . .     SeeInvis .   g - +1 dagger
rCold    . . .     Gourm    .   (shield restricted)
rNeg     + + +     Faith    .   (armour currently unavailable)
rPois    +         Spirit   .   (helmet currently unavailable)
rElec    .         Reflect  .   (cloak currently unavailable)
rCorr    .         Harm     .   (gloves currently unavailable)
MR       .....     NoTele   +   (boots currently unavailable)
Stlth    ++........             (no amulet)
HPRegen  0.10/turn              b - +6 ring of strength
MPRegen  0.09/turn              (no ring)

@: tree-form
A: small, carnivore
a: no special abilities


You were on level 2 of the Dungeon.
You were full.
You were a tree.
You visited 1 branch of the dungeon, and saw 2 of its levels.

You collected 68 gold pieces.

Inventory:

Hand Weapons
 a - a +0 hand crossbow
 g - a +1 dagger (weapon)
Armour
 e - a +0 robe
 j - a +1 leather armour of cold resistance (melded)
Jewellery
 b - a +6 ring of strength (left branch)
Potions
 i - a potion of lignification
Comestibles
 f - 2 rations


   Skills:
 - Level 1.8 Fighting
 + Level 3.3 Crossbows
 - Level 2.4 Dodging
 + Level 1.3 Stealth
 - Level 1.1 Spellcasting
 + Level 3.5 Hexes


You had one spell level left.
You knew the following spells:

 Your Spells              Type           Power        Failure   Level  Hunger
a - Corona                Hex            ##.....      6%          1    ##.....
b - Slow                  Hex            ##......     10%         2    ###....

Your spell library contained the following spells:

 Spells                   Type           Power        Failure   Level  Hunger
 Inner Flame              Hex/Fire       #.......     36%         3    ####...
 Portal Projectile        Hex/Tloc       #.....       36%         3    ####...
 Cause Fear               Hex            ##........   52%         4    #####..
 Leda's Liquefaction      Hex/Erth       #.........   77%         4    #####..


Dungeon Overview and Level Annotations

Branches:
Dungeon (2/15)

Altars:


Innate Abilities, Weirdness & Mutations

You are small and have problems with some larger weapons.
You are carnivorous and can eat meat at any time.


Message History

The adder is heavily wounded.
The jackal bites you but does no damage. x2
The adder bites you but does no damage.
The jackal bites you but does no damage. x2
The worm bites you.
* * * LOW HITPOINT WARNING * * *
You hit the adder but do no damage.
The adder is heavily wounded.
The jackal bites you but does no damage.
The adder bites you but does no damage.
The jackal bites you but does no damage.
The jackal barely misses you.
The jackal bites you but does no damage.
The adder bites you but does no damage.
The jackal bites you but does no damage.
You hit the adder.
The adder is heavily wounded.
The jackal bites you but does no damage.
The jackal bites you.
You die...

#.##..## #= #.##.... #..
##.# .... ..
####..###... # ##[#
#..........# #.####..
#.......#
###......#######..####.†
.......#h..#....)## ##.
#...S♣hw((.....# ##
#.##.wh....(...# #####
#...........# #..(.
#..$........# #...K
##.........(# #.(..
##..[#...w.###(.(.
#.#####..(##.(#<.
#..###..#........
##.#......<.####.


You could see 2 worms, an adder and 3 jackals.

Vanquished Creatures
  An adder (D:2)
  An ooze (D:2)
  A worm (D:1)
  A dart slug (D:1)
  A ball python (D:1)
  3 bats
  A giant cockroach (D:1)
  A goblin (D:1)
  5 hobgoblins
  A jackal (D:2)
  2 frilled lizards (D:1)
  3 kobolds
  3 rats
24 creatures vanquished.

Notes
Turn   | Place    | Note
-------+----------+-------------------------------------------
     0 | D:1      | DogServant the Kobold Arcane Marksman began the quest for
                  | the Orb.
     0 | D:1      | Reached XP level 1. HP: 12/12 MP: 2/2
   239 | D:1      | Reached XP level 2. HP: 16/16 MP: 1/3
   755 | D:1      | Learned a level 2 spell: Slow
  1080 | D:2      | Noticed an ogre
  1278 | D:1      | Reached XP level 3. HP: 21/21 MP: 4/4
  1360 | D:2      | Reached skill level 1 in Stealth
  1388 | D:2      | Slain by a jackal

Illustrated notes

Levels and vault maps discovered:
D:1:      kennysheep_arrival_forest, layout_basic
D:2:      minmay_angry_zag, layout_rooms, first_ration, grunt_ministairs_12

Skill      XL: |  1  2  3 |
---------------+----------+-----
Crossbows      | 3 |  3.3
Stealth        | 1 |  1.3
Fighting       | |  1.8
Dodging        | |  2.4
Spellcasting   | |  1.1
Hexes          | |  3.5

Action                   || total
-------------------------++-------
Melee: Dagger            ||    87
 Fire: Hand crossbow     ||    38
 Cast: Corona            ||     3
  Use: Potion            ||     3
       Scroll            ||     1
  Eat: Chunk             ||     7
Armor: Robe              ||    13
       Leather armour    ||    21
       Skin              ||    94
Dodge: Dodged            ||   156
